 Dungeon Crawl Stone Soup version 0.21-a0-476-gd103f4b (webtiles) character file.

5 theanonym the Poker (level 1, 0/18 HPs)
             Began as a Hill Orc Gladiator on Nov 22, 2017.
             Slain by a goblin
             ... wielding a +0 club
              (2 damage)
             ... on level 1 of the Dungeon.
             The game lasted 00:00:20 (49 turns).

theanonym the Poker (Hill Orc Gladiator)              Turns: 49, Time: 00:00:20

Health: 0/18       AC:  4    Str: 16    XL:     1   Next: 80%
Magic:  1/1        EV: 12    Int:  8    God:
Gold:   3          SH:  0    Dex: 12    Spells: 0/0 levels left

rFire    . . .     SeeInvis .   a - +0 trident
rCold    . . .     Gourm    .   (no shield)
rNeg     . . .     Faith    .   b - +0 leather armour
rPois    .         Spirit   .   c - +0 helmet
rElec    .         Reflect  .   (no cloak)
rCorr    .         Harm     .   (no gloves)
MR       .....                  (no boots)
Stlth    +.........             (no amulet)
HPRegen  0.06/turn              (no ring)
MPRegen  0.07/turn              (no ring)

@: no status effects
A: no striking features
a: no special abilities


   Skills:
 - Level 2.4 Fighting
 + Level 3.7 Polearms
 - Level 1.7 Throwing
 - Level 2.4 Dodging


You couldn't memorise any spells.
You didn't know any spells.

Action                   || total
-------------------------++-------
Melee: Trident           ||    16
Armor: Leather armour    ||     8
Dodge: Dodged            ||    22

Inventory:

Hand Weapons
 a - a +0 trident (weapon)
Missiles
 d - 3 throwing nets (quivered)
Armour
 b - a +0 leather armour (worn)
 c - a +0 helmet (worn)
Potions
 e - a potion of ambrosia {unknown}
Comestibles
 f - a bread ration

Dungeon Overview and Level Annotations

Branches:
Dungeon (1/15)

Altars:


You were on level 1 of the Dungeon.
You were not hungry.

You visited 1 branch of the dungeon, and saw 1 of its levels.

You collected 3 gold pieces.


Message History

Moving in this stuff is going to be slow.
You enter the shallow water.
Moving in this stuff is going to be slow.
You now have 3 gold pieces.
A dart slug comes into view.
The dart slug launches a dart at you. The slug dart misses you.
A dart slug is nearby!
A dart slug is nearby!
A dart slug is nearby!
A dart slug is nearby!
Found a spear.
Attack whom?
Aim: a dart slug (clinging)
You reach to attack!
You hit the dart slug. You hit the dart slug. You puncture the dart slug!
You kill the dart slug!
No target in view!
No target in view!
A hobgoblin comes into view. It is wielding a club.
The hobgoblin shouts!
A hobgoblin is nearby!
A hobgoblin is nearby!
A hobgoblin is nearby!
A hobgoblin is nearby!
A goblin comes into view. It is wielding a club.
The goblin picks up some gold.
The goblin shouts!
Found a scroll labeled XEYNIA ESARPH and 7 bolts.
A goblin comes into view. It is wielding a dagger.
Attack whom?
Aim: a hobgoblin, wielding a club You reach to attack!
The goblin shouts!
You puncture the hobgoblin!
You kill the hobgoblin!
A leopard gecko comes into view.
Attack whom?
Aim: a goblin, wielding a club You reach to attack!
You closely miss the goblin.
The leopard gecko hisses angrily.
A bat comes into view.
You closely miss the goblin. The goblin hits you but does no damage.
You closely miss the goblin. The goblin hits you with a club.
The bat completely misses you.
You take 4 damage, and have 14/18 hp.
MASSIVE DAMAGE!!
You miss the goblin. The bat barely misses you.
The goblin hits you but does no damage. x2
You closely miss the goblin. The bat hits you but does no damage.
The goblin hits you with a dagger.
The leopard gecko bites you but does no damage.
The goblin barely misses you.
You take 1 damage, and have 13/18 hp.
You barely miss the goblin. The bat hits you but does no damage.
The leopard gecko barely misses you. The goblin hits you but does no damage.
The goblin hits you with a club.
You take 1 damage, and have 12/18 hp.
You are too injured to fight recklessly!
You are too injured to fight recklessly!
You are too injured to fight recklessly!
You are too injured to fight recklessly!
You are too injured to fight recklessly!
The leopard gecko bites you.
* * * LOW HITPOINT WARNING * * *
The bat closely misses you.
You take 3 damage, and have 9/18 hp.
The bat barely misses you.
You barely miss the goblin. The leopard gecko barely misses you.
The goblin closely misses you.
You hit the goblin. The leopard gecko bites you.
* * * LOW HITPOINT WARNING * * *
The goblin hits you with a dagger.
* * * LOW HITPOINT WARNING * * *
The leopard gecko bites you.
* * * LOW HITPOINT WARNING * * *
You closely miss the goblin. The goblin hits you but does no damage.
The leopard gecko bites you but does no damage.
The goblin hits you but does no damage.
You take 4 damage, and have 5/18 hp.
MASSIVE DAMAGE!!
You closely miss the goblin. The goblin barely misses you.
The leopard gecko barely misses you. The goblin closely misses you. x2
You puncture the goblin!
You kill the goblin!
The bat hits you but does no damage. The leopard gecko closely misses you.
The goblin hits you but does no damage.
The leopard gecko bites you but does no damage.
A bat comes into view.
The bat closely misses you. The leopard gecko bites you.
* * * LOW HITPOINT WARNING * * *
The goblin misses you.
Things that are here:
a dagger; a goblin corpse You take 4 damage, and have 2/18 hp.
MASSIVE DAMAGE!!
The bat closely misses you. The bat barely misses you.
The leopard gecko bites you but does no damage.
You completely miss the bat. The bat barely misses you. The bat misses you.
The bat barely misses you. The leopard gecko misses you.
The goblin hits you with a club.
You die...

............#
............#
............#
............#
...(........#
.....)......#
?........b..#
#######b.####
#@.####### #gl.......
#........) #.........
###.####### ## ##.##
###...#
..####...####.....#
....#..≈..#.....#.#
..≈....≈....≈..8#.####


You could see a leopard gecko, a goblin and 2 bats.

Notes
Turn   | Place    | Note
-------+----------+-------------------------------------------
     0 | D:1      | theanonym the Hill Orc Gladiator began the quest for the Orb.
     0 | D:1      | Reached XP level 1. HP: 18/18 MP: 1/1
    38 | D:1      | HP: 9/18 [leopard gecko (3)]
    43 | D:1      | HP: 7/18 [leopard gecko (2)]
    47 | D:1      | HP: 2/18 [leopard gecko (4)]
    49 | D:1      | Slain by a goblin

Vanquished Creatures
  A dart slug (D:1)
  A goblin (D:1)
  A hobgoblin (D:1)
3 creatures vanquished.
